 Dungeon Crawl Stone Soup version 0.27-a0-1565-gad902ab807 (webtiles) character file.

Game seed: 12359778015877986360

9 gimp the Skirmisher (level 2, 0/24 HPs)
             Began as a Formicid Monk on July 16, 2021.
             Slain by an endoplasm (2 damage)
             ... on level 1 of the Dungeon.
             The game lasted 00:00:30 (344 turns).

gimp the Skirmisher (Formicid Monk)                  Turns: 344, Time: 00:00:31

Health: 0/24       AC:  2    Str: 15    XL:     2   Next: 20%
Magic:  2/2        EV: 12    Int:  9    God:
Gold:   0          SH:  0    Dex: 13    Spells: 1/1 levels left

rFire    . . .     SeeInvis +   a - +0 hand axe
rCold    . . .     Faith    .   (no shield)
rNeg     . . .     Spirit   .   b - +0 robe
rPois    .         Reflect  .   (helmet unavailable)
rElec    .         Harm     .   (no cloak)
rCorr    .         Rampage  .   (no gloves)
Will     .....                  (no boots)
Stlth    ++........             (no amulet)
HPRegen  0.08/turn              (no ring)
MPRegen  0.08/turn              (no ring)

@: no status effects
A: permanent stasis, dig shafts and tunnels, antennae 3, four strong arms
a: Dig, Shaft Self


You were on level 1 of the Dungeon.
You visited 1 branch of the dungeon, and saw 1 of its levels.

Inventory:

Hand Weapons
 a - a +0 hand axe (weapon)
Armour
 b - a +0 robe (worn)


   Skills:
 + Level 3.4 Fighting
 * Level 3.3 Axes
 + Level 0.6 Armour
 - Level 2.6 Dodging
 - Level 2.4 Stealth


You had one spell level left.
You didn't know any spells.
Your spell library was empty.

Dungeon Overview and Level Annotations

Branches:
Dungeon (1/15)

Altars:


Innate Abilities, Weirdness & Mutations

You cannot be hasted, slowed, berserked, paralysed or teleported.
You can dig through walls and to a lower floor.
You have a pair of large antennae on your head. (SInv)
Your four strong arms can wield two-handed weapons with a shield.


Message History

The endoplasm freezes you.
You are frozen.
The goblin misses you.
You take 4 damage, and have 9/18 hp.
MASSIVE DAMAGE!!
The bat barely misses you. The bat completely misses you.
You are too injured to fight recklessly!
You are too injured to fight recklessly!
The bat hits you but does no damage. The bat hits you but does no damage.
The bat hits you.
You take 1 damage, and have 9/18 hp.
You hit the bat.
You kill the bat!
The ball python bites you. The ball python closely misses you.
You have reached level 2!
MP restored: 2 You closely miss the ball python.
The ball python misses you. The ball python closely misses you.
You completely miss the ball python. The ball python bites you.
The ball python grabs you. The ball python constricts you.
You barely miss the ball python. The ball python bites you.
The ball python constricts you. The ball python bites you.
* * * LOW HITPOINT WARNING * * *
x2 The ball python constricts you.
You take 4 damage, and have 6/24 hp.
You barely miss the ball python.
The ball python bites you but does no damage.
* * * LOW HITPOINT WARNING * * *
The ball python constricts you.
You take 1 damage, and have 5/24 hp.
You closely miss the ball python. The ball python bites you.
* * * LOW HITPOINT WARNING * * *
x2 The ball python constricts you.
You take 3 damage, and have 2/24 hp.
You hit the ball python.
You kill the ball python!
You hit the goblin.
You kill the goblin!
You completely miss the endoplasm. The endoplasm hits you.
You die...

{ { ##### ...# +#
###########.#######.#
..................#.##
................J....+ .
....###.^.....###...##....
###)# #.....#)##@.........
#.#########.##J..†......
#.#.......#.............
#.##.####.####......(...
#.##.# #.# #..........
#.##.####.# #..........
#.......#.# ##+#+#.....
#..#.##.#.# .##..
##.......#.#####. #


You could see an endoplasm.

Vanquished Creatures
  A bat (D:1)
  A giant cockroach (D:1)
  A goblin (D:1)
  A kobold (D:1)
  2 ball pythons (D:1)
  A frilled lizard (D:1)
  A rat (D:1)
8 creatures vanquished.

Notes
Turn   | Place    | Note
-------+----------+-------------------------------------------
     0 | D:1      | gimp the Formicid Monk began the quest for the Orb.
     0 | D:1      | Reached XP level 1. HP: 18/18 MP: 1/1
   333 | D:1      | Reached XP level 2. HP: 10/24 MP: 2/2
   344 | D:1      | Slain by an endoplasm

Illustrated notes

Levels and vault maps discovered:
D:1:      psy_arrival_dodecagon, layout_basic

Action                   || total
-------------------------++-------
Melee: Hand axe          ||    26
 Stab: Sleeping          ||     1
Armor: Robe              ||    11
Dodge: Dodged            ||    18

Table legend: (Time is in decaauts)
 A = Elapsed time spent in this place.
 B = Non-inter-level travel time spent in this place.
 C = Inter-level travel time spent in this place.
 D = Time resting spent in this place.
 E = Time spent auto-exploring this place.
 F = Levels seen in this place.
 G = Mean time per level.
                   A        B        C        D        E       F      G
               +--------+--------+--------+--------+--------+-----+--------+
         Total |    348 |    348 |      0 |      0 |    287 |   1 |  348.0 |
       Dungeon |    348 |    348 |      0 |      0 |    287 |   1 |  348.0 |
               +--------+--------+--------+--------+--------+-----+--------+

Top non-repeatable levels by time:
     D:1: 348 daAuts
